Map: Ascension to Aiur LE

Players

Harstem

  • Race: Protoss Protoss
  • Spawn Location: 5:00

Namshar - Winner!

  • Race: Zerg Zerg
  • Spawn Location: 11:00

Event: WCS Montreal 2017

VOD

Have the link to the VOD?

Description

Time

  • Played on: Sept. 8, 2017, 6:22 p.m.
  • Length: 15:18

All games in this series

Show
View Real Time Build Order
Export as new Build Order

Harstem Protoss 

Build Orders: Nexus First, Oracle Opening, Archon Immortal, Zealot Archon, Archon Drop 

Get SALT Encoding   

  12  0:01  Probe (Chrono Boost)  
  13  0:11  Probe (Chrono Boost)  
  14  0:17  Pylon  
  14  0:22  Probe (Chrono Boost)  
  15  0:36  Probe (Chrono Boost)  
  16  0:46  Probe (Chrono Boost)  
  17  0:57  Nexus  
  17  1:08  Gateway  
  17  1:11  Probe (Chrono Boost)  
  17  1:18  Assimilator  
  18  1:22  Probe (Chrono Boost)  
  18  1:24  Assimilator  
  20  1:32  Probe (Chrono Boost)  
  20  1:39  Gateway  
  20  1:43  Probe (Chrono Boost)  
  21  1:54  Cybernetics Core  
  21  1:55  Probe (Chrono Boost)  
  22  2:06  Probe (Chrono Boost)  
  23  2:12  Probe (Chrono Boost)  
  24  2:16  Probe (Chrono Boost)  
  24  2:22  Probe (Chrono Boost)  
  26  2:27  Probe (Chrono Boost)  
  27  2:31  Adept x2 (Chrono Boost)  
  27  2:32  Warp Gate  
  27  2:33  Probe  
  27  2:34  Pylon  
  32  2:38  Probe  
  33  2:45  Probe  
  33  2:50  Probe (Chrono Boost)  
  35  2:53  Stargate  
  35  2:56  Probe (Chrono Boost)  
  36  3:02  Probe  
  36  3:04  Stalker (Chrono Boost)  
  39  3:06  Probe  
  39  3:09  Pylon  
  40  3:14  Probe  
  40  3:17  Probe  
  42  3:27  Probe (Chrono Boost)  
  43  3:28  Probe (Chrono Boost)  
  44  3:36  Oracle (Chrono Boost)  
  44  3:38  Probe x2  
  49  3:48  Nexus  
  49  3:50  Probe  
  49  3:51  Pylon  
  49  3:52  Probe  
  49  3:55  Forge  
  51  3:59  Twilight Council  
  51  4:02  Probe (Chrono Boost)  
  52  4:03  Probe (Chrono Boost)  
  52  4:07  Assimilator  
  53  4:10  Assimilator  
  53  4:15  Probe (Chrono Boost)  
  54  4:18  Robotics Facility  
  54  4:19  Probe (Chrono Boost)  
  54  4:22  Pylon  
  55  4:24  Protoss Ground Weapons Level 1 (Chrono Boost)  
  55  4:26  Probe (Chrono Boost)  
  55  4:29  Probe (Chrono Boost)  
  57  4:37  Charge (Chrono Boost), Pylon  
  57  4:39  Probe (Chrono Boost)  
  58  4:46  Probe (Chrono Boost), Gateway  
  58  4:47  Gateway  
  58  4:50  Probe (Chrono Boost)  
  60  4:56  Gateway  
  57  5:03  Probe  
  57  5:05  Gateway  
  56  5:08  Zealot x2  
  56  5:11  Warp Prism  
  61  5:16  Probe (Chrono Boost)  
  61  5:20  Pylon  
  63  5:21  Probe (Chrono Boost)  
  63  5:23  Mothership Core (Chrono Boost)  
  63  5:27  Templar Archives  
  65  5:30  Probe (Chrono Boost)  
  66  5:37  Probe (Chrono Boost)  
  66  5:41  Probe (Chrono Boost), Gateway  
  66  5:42  Gateway  
  68  5:43  Probe (Chrono Boost)  
  68  5:47  Probe (Chrono Boost)  
  68  5:49  Zealot x2  
  74  5:52  Probe (Chrono Boost)  
  74  5:54  Probe (Chrono Boost)  
  76  5:58  Probe (Chrono Boost)  
  76  6:02  Probe (Chrono Boost)  
  76  6:04  Probe (Chrono Boost), Zealot x2  
  75  6:08  Probe (Chrono Boost)  
  79  6:11  Pylon  
  79  6:13  Probe (Chrono Boost)  
  79  6:14  Probe (Chrono Boost)  
  79  6:15  High Templar x4  
  79  6:17  Probe (Chrono Boost)  
  89  6:21  Assimilator, Archon x2  
  89  6:24  Probe  
  89  6:25  Assimilator, Pylon  
  91  6:27  Probe  
  91  6:28  Protoss Ground Weapons Level 2 (Chrono Boost)  
  91  6:31  Zealot x2  
  97  6:35  Pylon  
  98  6:43  Pylon x2  
  96  6:48  Zealot x2  
  96  6:49  Psionic Storm  
  96  6:50  Immortal (Chrono Boost)  
  98  6:54  Probe  
  98  6:56  High Templar  
  90  7:01  Probe  
  90  7:03  Zealot x3  
  90  7:08  Robotics Facility  
  92  7:10  High Templar  
  92  7:11  Zealot x2  
  96  7:16  Pylon  
  96  7:19  Pylon  
  96  7:20  High Templar  
  98  7:25  Immortal (Chrono Boost)  
  98  7:28  Zealot x3  
  108  7:39  Sentry x2, Zealot  
  108  7:45  Zealot  
  108  7:48  Zealot x3  
  102  7:55  Probe x2  
  102  7:57  Immortal (Chrono Boost)  
  106  8:03  Pylon  
  106  8:04  High Templar, Immortal (Chrono Boost)  
  112  8:05  High Templar  
  114  8:13  Nexus  
  114  8:16  Pylon  
  114  8:18  Pylon  
  114  8:22  Photon Cannon  
  114  8:23  High Templar  
  114  8:24  High Templar, Zealot x3  
  124  8:33  Immortal (Chrono Boost)  
  128  8:35  Zealot  
  128  8:40  Photon Cannon  
  130  8:41  Protoss Ground Weapons Level 3  
  130  8:45  Pylon  
  130  8:47  Immortal (Chrono Boost)  
  134  8:49  Photon Cannon  
  134  9:00  Probe  
  134  9:01  Pylon  
  135  9:04  Probe x2  
  137  9:12  Assimilator, High Templar x2, Zealot  
  137  9:13  Probe  
  137  9:16  Assimilator  
  144  9:18  Archon  
  144  9:22  Fleet Beacon  
  144  9:29  Probe  
  150  9:31  Observer (Chrono Boost), Immortal (Chrono Boost)  
  150  9:39  High Templar  
  150  9:42  Photon Cannon, Pylon  
  152  9:48  Zealot x3  
  152  9:49  Zealot x3  
  164  9:55  Photon Cannon  
  164  9:56  Photon Cannon  
  164  10:04  Immortal (Chrono Boost)  
  168  10:08  Stargate  
  172  10:15  Probe, Protoss Air Weapons Level 1  
  172  10:18  Photon Cannon  
  173  10:21  Pylon  
  173  10:23  Photon Cannon  
  173  10:28  Zealot x3  
  173  10:29  Zealot x2  
  173  10:34  Sentry, Zealot x2  
  182  10:43  Probe  
  167  10:53  Tempest x2  
  167  10:57  Zealot x4  
  179  11:06  Observer (Chrono Boost)  
  180  11:16  Zealot x2  
  180  11:17  Zealot x2  
  185  11:24  High Templar x2  
  175  11:42  Protoss Shields Level 1  
  175  11:43  Photon Cannon  
  175  11:45  Pylon x2  
  175  11:48  Pylon  
  175  11:50  Pylon  
  175  11:51  Pylon  
  175  11:53  Pylon x2  
  175  11:58  Pylon  
  175  12:00  Pylon  
  175  12:02  Oracle  
  166  12:09  Zealot x5  
  166  12:10  Zealot  
  109  12:37  Zealot x5  
  108  12:48  Zealot  
  101  12:51  Observer (Chrono Boost)  
  101  12:55  Probe x2  
  101  12:57  Probe  
  101  12:58  Gateway  
  100  13:00  Probe, Zealot x5  
  100  13:04  Gateway  
  100  13:05  Gateway  
  103  13:09  Immortal (Chrono Boost)  
  107  13:13  Immortal (Chrono Boost)  
  107  13:18  High Templar  
  113  13:23  High Templar x5  
  125  13:27  Mothership Core (Chrono Boost)  
  125  13:30  Carrier (Chrono Boost)  
  131  13:40  Immortal  
  129  13:45  Nexus  
  129  13:47  Immortal  
  133  13:51  High Templar  
  131  13:56  High Templar x5  
  141  14:03  Archon x2  
  141  14:05  Archon  
  141  14:14  Immortal  
  150  14:36  High Templar x4  
  157  14:41  Archon x2  
  150  14:50  Zealot x5  
  150  14:55  Observer  
Show
View Real Time Build Order
Export as new Build Order

Namshar Zerg - Winner!

Build Orders: Hatch First, Lurkers 

Get SALT Encoding   

  12  0:00  Drone  
  13  0:12  Overlord  
  13  0:17  Drone  
  14  0:30  Drone x2  
  14  0:34  Drone  
  17  0:51  Hatchery  
  17  0:54  Drone  
  17  0:57  Drone  
  18  1:04  Extractor  
  17  1:12  Spawning Pool  
  17  1:15  Drone  
  17  1:18  Drone  
  18  1:27  Drone  
  19  1:38  Overlord  
  19  1:49  Drone  
  20  1:58  Queen  
  20  1:59  Zergling x2  
  23  2:02  Queen  
  23  2:03  Zergling x2  
  23  2:06  Metabolic Boost  
  26  2:10  Drone  
  26  2:14  Drone  
  28  2:22  Drone  
  29  2:29  Drone  
  30  2:34  Hatchery  
  30  2:36  Drone  
  30  2:41  Drone  
  30  2:42  Drone  
  32  2:47  Queen  
  34  2:53  Overlord  
  34  2:54  Drone  
  35  2:58  Overlord  
  35  3:11  Drone  
  35  3:12  Drone x3  
  39  3:13  Drone x3  
  39  3:15  Drone  
  43  3:20  Zergling x2  
  43  3:25  Queen  
  46  3:30  Drone  
  46  3:34  Overlord  
  47  3:35  Drone  
  47  3:40  Drone x3  
  51  3:42  Drone  
  51  3:45  Evolution Chamber  
  51  3:50  Spore Crawler, Drone x3  
  51  3:51  Drone x2  
  51  3:55  Drone  
  56  4:00  Queen  
  56  4:01  Spore Crawler  
  57  4:06  Drone x3  
  60  4:14  Zergling x6, Lair  
  60  4:16  Zergling x2  
  64  4:20  Overlord x2  
  64  4:22  Drone  
  65  4:26  Spore Crawler  
  65  4:27  Drone  
  65  4:29  Overlord  
  65  4:31  Overlord  
  65  4:37  Drone x2  
  66  4:40  Zerg Missile Weapons Level 1  
  66  4:43  Extractor  
  66  4:44  Drone x6  
  71  4:47  Overlord  
  71  4:50  Drone x3  
  71  4:52  Extractor  
  73  4:54  Extractor  
  71  5:07  Drone x6  
  71  5:08  Drone x2  
  79  5:16  Zergling x10  
  79  5:19  Hatchery  
  81  5:21  Hydralisk Den  
  81  5:25  Baneling Nest, Drone x2, Extractor x2  
  81  5:28  Drone  
  80  5:35  Drone x2  
  82  5:36  Drone  
  82  5:41  Drone x2, Hatchery  
  82  5:42  Overlord, Drone  
  85  5:46  Overlord  
  85  5:50  Muscular Augments  
  85  6:03  Hydralisk x6  
  95  6:10  Overlord x2  
  95  6:15  Centrifical Hooks  
  95  6:20  Hydralisk x2  
  95  6:21  Hydralisk x2  
  102  6:28  Hydralisk  
  102  6:29  Hydralisk  
  104  6:34  Hydralisk x2  
  104  6:37  Overlord  
  108  6:41  Hydralisk  
  108  6:42  Zergling x2, Hydralisk  
  108  6:43  Zergling x8  
  117  6:50  Hydralisk x2  
  117  6:51  Zergling x10  
  110  7:05  Drone x2  
  110  7:06  Drone x2  
  114  7:10  Zerg Missile Weapons Level 2, Lurker Den  
  114  7:14  Drone x6  
  119  7:18  Drone x2  
  121  7:27  Drone x2  
  121  7:40  Hydralisk  
  121  7:41  Hydralisk x7  
  120  7:54  Hydralisk  
  120  7:55  Hydralisk x6  
  130  8:00  Pneumatized Carapace, Extractor x2  
  128  8:11  Drone x2  
  128  8:12  Drone  
  131  8:13  Drone x2  
  131  8:15  Hydralisk x5  
  143  8:21  Overlord  
  143  8:22  Overlord  
  143  8:24  Hatchery  
  143  8:25  Hydralisk x2  
  146  8:29  Zergling x6  
  149  9:02  Hydralisk x8  
  153  9:07  Overlord x5  
  153  9:08  Overlord, Overseer  
  165  9:10  Overseer  
  165  9:21  Extractor  
  165  9:22  Extractor  
  163  9:26  Zerg Melee Weapons Level 1  
  163  9:36  Baneling x4  
  163  9:37  Hydralisk x10, Baneling x2  
  183  9:54  Hydralisk x4  
  183  9:55  Hydralisk x4  
  189  10:05  Lurker x3  
  192  10:12  Lurker x2  
  194  10:15  Drone  
  195  10:28  Lurker x2  
  197  10:29  Lurker  
  170  11:01  Hydralisk x10  
  183  11:07  Drone  
  183  11:08  Drone x6  
  183  11:09  Drone x4  
  190  11:12  Hydralisk x4  
  190  11:13  Hydralisk x3  
  193  11:33  Hydralisk x4  
  193  11:35  Overseer x4  
  178  11:48  Lurker x4  
  178  11:50  Lurker x5  
  187  11:54  Overseer  
  187  11:55  Overseer  
  179  12:14  Hydralisk  
  179  12:15  Hydralisk x10  
  164  12:32  Hydralisk  
  164  12:33  Hydralisk x8  
  156  12:43  Hydralisk x7  
  145  12:53  Hydralisk x5  
  145  13:02  Hydralisk x4  
  153  13:11  Lurker x3  
  157  13:12  Zergling x2  
  157  13:13  Zergling x8  
  157  13:19  Lurker x2  
  163  13:23  Lurker  
  162  13:29  Hydralisk x3  
  162  13:30  Hydralisk  
  168  13:48  Zergling x2, Hydralisk x5  
  162  13:49  Zergling x8  
  174  14:03  Lurker x6  
  174  14:09  Lurker x2  
  182  14:10  Zergling x2  
  182  14:11  Zergling x16  
  191  14:30  Baneling x8  
  191  14:32  Lurker  
  182  14:48  Hydralisk x10  
Tags
 
Add a new tag
Caveats
  • Supply blocks, unpowered buildings, or Contaminate may cause inaccurate times.
  • Supply counts are checked every 10 seconds.